 Dungeon Crawl Stone Soup version 0.20-a0-548-g4f8a798 (webtiles) character file.

518 Rhoefr the Sneak (level 7, -5/34 HPs)
             Began as a Vine Stalker Assassin on Feb 1, 2017.
             Slain by an ogre
             ... wielding a cursed -2 giant spiked club
              (15 damage)
             ... on level 4 of the Dungeon.
             The game lasted 00:09:36 (2479 turns).

Rhoefr the Sneak (Vine Stalker Assassin)            Turns: 2479, Time: 00:09:37

Health: -5/34      AC:  5    Str: 13    XL:     7   Next: 21%
Magic:  0/8        EV: 14    Int: 11    God:
Gold:   148        SH:  0    Dex: 18    Spells: 6/6 levels left

rFire    . . .     SeeInvis .   a - +2 dagger
rCold    + . .     Gourm    .   c - +0 robe
rNeg     . . .     Faith    .   (no shield)
rPois    .         Spirit   +   s - +1 helmet
rElec    .         Reflect  .   d - +0 cloak
rCorr    .         Harm     .   (no gloves)
MR       .....                  (no boots)
Stlth    ++++......             (no amulet)
Regen    0.6/turn               (no ring)
                                x - ring of protection from cold

@: no status effects
A: fangs 2, regeneration 1, magic shield, antimagic bite, no potion heal 3, rot
immunity
a: no special abilities


You were on level 4 of the Dungeon.
You were not hungry.

You visited 1 branch of the dungeon, and saw 6 of its levels.

You collected 148 gold pieces.

Inventory:

Hand Weapons
 a - a +2 dagger (weapon)
 b - a +0 blowgun
Missiles
 e - 7 poisoned needles
 f - 2 curare-tipped needles
Armour
 c - a +0 robe (worn)
 d - a +0 cloak (worn)
 s - a +1 helmet (worn)
Jewellery
 x - a ring of protection from cold (left hand)
Wands
 i - a wand of polymorph (4/24)
Scrolls
 k - a scroll of remove curse
 l - 3 scrolls of identify
 n - a scroll of teleportation
 q - a scroll of recharging {unknown}
Potions
 h - a potion of might
 m - a potion of magic {unknown}
 o - 2 potions of berserk rage {unknown}
 t - a potion of curing {unknown}
 u - 2 potions of degeneration {unknown}
 v - a potion of flight {unknown}
 w - 2 potions of brilliance {unknown}
Comestibles
 g - 4 bread rations
 j - 5 chunks of flesh
 p - a royal jelly
 r - a meat ration


   Skills:
 - Level 1.7 Fighting
 - Level 4.0 Short Blades
 - Level 1.7 Throwing
 * Level 3.2 Dodging
 + Level 7.9 Stealth


You had 6 spell levels left.
You didn't know any spells.

Dungeon Overview and Level Annotations

Branches:
Dungeon (6/15)
 Temple: D:4-7

Altars:
Kikubaaqudgha
Qazlal
Vehumet
Xom
Yredelemnul


Innate Abilities, Weirdness & Mutations

You have extremely sharp teeth.
Your natural rate of healing is unusually fast.
When hurt, damage is shared between your health and your magic reserves.
Your bite disrupts and absorbs the magic of your enemies.
Potions cannot restore your health.
You are immune to rotting.


Message History

The ogre shouts!
The ogre closely misses you.
You hit the ogre. Your bite misses the ogre.
The ogre is lightly wounded.
The ogre completely misses you.
You hit the ogre. You bite the ogre. You drain its power.
The ogre is moderately wounded.
You hit the ogre.
The ogre is heavily wounded.
The ogre hits you with a giant spiked club!!
Ouch! That really hurt!
* * * LOW HITPOINT WARNING * * *
You are too injured to fight recklessly!
You are too injured to fight recklessly!
You hit the ogre. You bite the ogre. You drain its power.
You feel invigorated.
The ogre is severely wounded.
You hit the ogre but do no damage. You bite the ogre, but do no damage.
The ogre is severely wounded.
The ogre hits you with a giant spiked club!!
You die...

# #..# # ##.#
#############.######
....................>
....##........###.##. ..
....##........# .# ...
....##........###.##....
....##.........#O.......
#### #.......#.#@.##
#.......#.....#
######.......##.#..##.
.(...........'.........
######.......##.#..##..
...................# ..
##############.....# .
##############.....#
.............###...#


You could see an ogre.

Vanquished Creatures
  2 ogres (D:4)
  A phantom (D:4)
  A crimson imp (D:5)
  A bullfrog zombie (D:6)
  A hound (D:6)
  An orc wizard (D:4)
  A centaur skeleton (D:4)
  Terence (D:2)
  An adder (D:4)
  An ooze (D:1)
  An adder skeleton (D:4)
  4 worms
  A dart slug (D:2)
  2 leopard geckos (D:2)
  5 orcs
  4 giant cockroaches
  10 goblins
  4 hobgoblins
  4 jackals (D:2)
  3 quokkas
  A ball python (D:1)
  2 ball python zombies (D:1)
  6 bats
  7 frilled lizards
  5 kobolds
  2 rats (D:2)
72 creatures vanquished.

Notes
Turn   | Place    | Note
-------+----------+-------------------------------------------
     0 | D:1      | Rhoefr the Vine Stalker Assassin began the quest for the Orb.
     0 | D:1      | Reached XP level 1. HP: 11/11 MP: 2/2
    63 | D:1      | Reached skill level 5 in Stealth
   178 | D:1      | Reached XP level 2. HP: 15/15 MP: 3/3
   488 | D:1      | Reached XP level 3. HP: 18/18 MP: 4/4
   725 | D:2      | Found a basalt altar of Yredelemnul.
   738 | D:2      | Noticed Terence
   757 | D:2      | Killed Terence
   795 | D:2      | Gained mutation: Your natural rate of healing is unusually fast. [Vine Stalker growth]
   795 | D:2      | Reached XP level 4. HP: 20/23 MP: 5/5
   970 | D:2      | Reached skill level 6 in Stealth
  1360 | D:3      | Found a stormy altar of Qazlal.
  1367 | D:3      | Found a radiant altar of Vehumet.
  1559 | D:3      | Found a shimmering altar of Xom.
  1561 | D:3      | Found a sparkling altar of Nemelex Xobeh.
  1561 | D:3      | Found an ancient bone altar of Kikubaaqudgha.
  1564 | D:3      | Found a sacrificial altar of Ru.
  1564 | D:3      | Found a hide-covered altar of Uskayaw.
  1564 | D:3      | Found a shimmering altar of Xom.
  1767 | D:3      | You fall through a shaft for 3 floors!
  1811 | D:6      | Reached XP level 5. HP: 26/26 MP: 6/6
  1912 | D:5      | Entered Level 5 of the Dungeon
  1926 | D:5      | You fall through a shaft!
  2012 | D:4      | Noticed a phantom
  2056 | D:4      | Killed a phantom
  2056 | D:4      | Reached skill level 1 in Dodging
  2056 | D:4      | Reached skill level 7 in Stealth
  2056 | D:4      | Reached XP level 6. HP: 24/30 MP: 7/7
  2337 | D:4      | Reached XP level 7. HP: 24/34 MP: 5/8
  2479 | D:4      | Slain by an ogre

Vault maps used:
D:1:      saegor_arrival_fortress
D:2:      old_standard_altar, corexii_shack, uniq_terence
D:3:      grunt_temple_overflow_open, doesnt_xom_only_xom, kennysheep_potato
D:4:      nicolae_overflow_crystal_walls, lemuel_doored_altar, uniq_duvessa
D:5:      first_bread, uniq_pikel
D:6:      serial_undead, serial_undead_b, serial_undead_d, serial_undead_e,
          serial_undead_f

Skill      XL: |  1  2  3  4  5  6 |
---------------+-------------------+-----
Stealth        | 5 6 7 |  7.9
Short Blades   | 2 3 4 |  4.0
Dodging        | 1 3 |  3.2
Fighting       | |  1.7
Throwing       | |  1.7

Action                   |  1- 3 |  4- 6 |  7- 9 || total
-------------------------+-------+-------+-------++-------
Melee: Dagger            |    63 |   154 |    16 ||   233
       Bite              |    12 |    46 |     8 ||    66
 Fire: Blowgun           |     6 |     4 |       ||    10
  Use: Scroll            |       |     9 |       ||     9
 Stab: Sleeping          |     6 |    14 |       ||    20
  Eat: Chunk             |       |     5 |       ||     5
Armor: Robe              |    24 |    32 |     3 ||    59
Dodge: Dodged            |    46 |    51 |     5 ||   102
